[ AOE2 MATCH · #493663866 ]
UnrankedPersians vs Ethiopians
Player's team · LOSS
Rival team · WIN
[ REPLAY ANALYSIS · EXTRACTED FROM THE RECORDED GAME ]
Feudal
10:49
Castle
15:44
Imperial
31:18
| APM avg | 31.1 |
| APM peak | 71 |
| eAPM avg | 16.1 |
| Villagers / military | 108 / 12 |
Focus
⚔️ 16.8% · 🌾 83.2%
Knight ×6 · Monk ×4 · Mangonel ×2
Feudal
10:56
Castle
14:44
Imperial
—
| APM avg | 20.0 |
| APM peak | 45 |
| eAPM avg | 15.1 |
| Villagers / military | 60 / 72 |
Focus
⚔️ 35.6% · 🌾 64.4%
Shotel Warrior ×50 · Battering Ram ×11 · Spearman ×10 · Mangonel ×1
Match map
Initial resources + every placement click. Lines = walls · curves = elevation contours. ◆ gold · ⬟ stone · ● berries · ✦ relic · ◌ wall gap
Your base· ✓ Closed at 15:44 · 0t walls · 3 gate(s)
Lise's base· ✓ Closed at 14:44 · 0t walls · 3 gate(s)
Smoothed initial terrain · ◌ = detected wall gap · hover for details
Inputs per minute
— klausera_br - - Lise
Build order — klausera_br
First 150 of 280 actions detected
| 0:01 | Create | Villager (Male) |
| 0:02 | Build | House |
| 0:06 | Build | House |
| 0:16 | Create | Villager (Male) |
| 0:17 | Create | Villager (Male) |
| 0:17 | Create | Villager (Male) |
| 0:17 | Create | Villager (Male) |
| 1:25 | Create | Villager (Male) |
| 1:26 | Create | Villager (Male) |
| 2:00 | Create | Villager (Male) |
| 2:00 | Create | Villager (Male) |
| 2:00 | Create | Villager (Male) |
| 2:05 | Build | Lumber Camp |
| 2:10 | Create | Villager (Male) |
| 2:10 | Create | Villager (Male) |
| 2:40 | Create | Villager (Male) |
| 2:41 | Create | Villager (Male) |
| 3:18 | Build | House |
| 3:32 | Create | Villager (Male) |
| 3:53 | Create | Villager (Male) |
| 4:02 | Create | Villager (Male) |
| 4:09 | Create | Villager (Male) |
| 4:27 | Create | Villager (Male) |
| 4:41 | Create | Villager (Male) |
| 5:03 | Research | Loom |
| 5:03 | Create | Villager (Male) |
| 5:25 | Create | Villager (Male) |
| 5:25 | Create | Villager (Male) |
| 5:40 | Create | Villager (Male) |
| 5:59 | Build | House |
| 6:02 | Build | Mill |
| 6:21 | Create | Villager (Male) |
| 6:44 | Create | Villager (Male) |
| 7:22 | Build | Farm |
| 7:26 | Build | Farm |
| 7:32 | Build | Lumber Camp |
| 7:42 | Create | Villager (Male) |
| 7:42 | Create | Villager (Male) |
| 8:01 | Create | Villager (Male) |
| 8:29 | Research | Feudal Age |
| 8:52 | Build | Mining Camp |
| 9:19 | Build | Farm |
| 9:31 | Build | House |
| 9:48 | Create | Villager (Male) |
| 9:59 | Build | Barracks |
| 10:49 | Age | Feudal Age |
| 10:52 | Build | Blacksmith |
| 10:54 | Create | Villager (Male) |
| 11:09 | Create | Villager (Male) |
| 11:16 | Build | Stable |
| 11:34 | Build | House |
| 11:40 | Create | Villager (Male) |
| 12:14 | Create | Villager (Male) |
| 12:20 | Build | Farm |
| 12:24 | Build | Farm |
| 12:41 | Build | Farm |
| 12:45 | Build | Farm |
| 12:51 | Build | Farm |
| 12:56 | Create | Villager (Male) |
| 13:19 | Research | Castle Age |
| 13:19 | Research | Castle Age |
| 13:23 | Build | Farm |
| 13:49 | Research | Double-Bit Axe |
| 14:20 | Build | House |
| 14:22 | Build | House |
| 14:29 | Research | Horse Collar |
| 14:49 | Build | Farm |
| 14:52 | Build | Farm |
| 14:55 | Build | Farm |
| 15:08 | Create | Villager (Male) |
| 15:44 | Age | Castle Age |
| 15:47 | Research | Bow Saw |
| 15:51 | Build | Monastery |
| 16:00 | Build | Town Center |
| 16:09 | Create | Villager (Male) |
| 16:13 | Create | Villager (Male) |
| 16:22 | Create | Monk |
| 16:35 | Create | Villager (Male) |
| 17:04 | Build | Town Center |
| 17:11 | Create | Villager (Male) |
| 17:12 | Build | Farm |
| 17:30 | Create | Villager (Male) |
| 17:30 | Create | Villager (Male) |
| 17:38 | Build | House |
| 17:46 | Create | Villager (Male) |
| 17:52 | Create | Monk |
| 18:24 | Create | Villager (Male) |
| 18:24 | Create | Villager (Male) |
| 18:24 | Create | Villager (Male) |
| 18:25 | Create | Villager (Male) |
| 18:28 | Build | House |
| 18:30 | Build | House |
| 18:38 | Create | Villager (Male) |
| 18:38 | Create | Villager (Male) |
| 19:00 | Create | Villager (Male) |
| 19:00 | Create | Villager (Male) |
| 19:03 | Build | Farm |
| 19:03 | Build | Farm |
| 19:03 | Build | Farm |
| 19:03 | Build | Farm |
| 19:03 | Build | Farm |
| 19:04 | Build | Farm |
| 19:04 | Build | Farm |
| 19:05 | Build | Farm |
| 19:05 | Build | Farm |
| 19:05 | Build | Farm |
| 19:21 | Create | Villager (Male) |
| 19:21 | Create | Villager (Male) |
| 19:28 | Create | Monk |
| 20:02 | Create | Knight |
| 20:02 | Create | Knight |
| 20:08 | Create | Villager (Male) |
| 20:08 | Create | Villager (Male) |
| 20:08 | Create | Villager (Male) |
| 20:08 | Create | Villager (Male) |
| 20:12 | Build | House |
| 20:42 | Create | Villager (Male) |
| 20:42 | Create | Villager (Male) |
| 20:42 | Create | Villager (Male) |
| 20:44 | Build | Farm |
| 20:44 | Build | Farm |
| 20:44 | Build | Farm |
| 20:45 | Build | Farm |
| 20:45 | Build | Farm |
| 20:45 | Build | Farm |
| 20:45 | Build | Farm |
| 20:58 | Create | Villager (Male) |
| 20:58 | Create | Villager (Male) |
| 20:58 | Create | Villager (Male) |
| 21:01 | Build | House |
| 21:02 | Build | House |
| 21:15 | Create | Knight |
| 21:27 | Create | Villager (Male) |
| 21:27 | Create | Villager (Male) |
| 21:27 | Create | Villager (Male) |
| 21:33 | Build | Farm |
| 21:33 | Build | Farm |
| 21:33 | Build | Farm |
| 21:33 | Build | Farm |
| 21:34 | Build | Farm |
| 21:34 | Build | Farm |
| 21:34 | Build | Farm |
| 21:34 | Build | Farm |
| 21:34 | Build | Farm |
| 21:35 | Build | Farm |
| 22:10 | Create | Villager (Male) |
| 22:10 | Create | Villager (Male) |
| 22:10 | Create | Villager (Male) |
| 22:15 | Research | Heavy Plow |
| 22:45 | Create | Villager (Male) |
Build order — Lise
First 150 of 203 actions detected
| 0:01 | Create | Villager (Male) |
| 0:01 | Create | Villager (Male) |
| 0:02 | Build | House |
| 0:05 | Build | House |
| 0:11 | Create | Villager (Male) |
| 0:11 | Create | Villager (Male) |
| 1:14 | Create | Villager (Male) |
| 1:51 | Build | Lumber Camp |
| 1:53 | Create | Villager (Male) |
| 2:22 | Create | Villager (Male) |
| 2:47 | Create | Villager (Male) |
| 3:07 | Create | Villager (Male) |
| 3:09 | Build | House |
| 3:11 | Build | House |
| 3:29 | Create | Villager (Male) |
| 3:49 | Create | Villager (Male) |
| 4:10 | Create | Villager (Male) |
| 4:21 | Build | Mill |
| 4:28 | Create | Villager (Male) |
| 4:29 | Create | Villager (Male) |
| 5:15 | Create | Villager (Male) |
| 5:16 | Create | Villager (Male) |
| 5:30 | Create | Villager (Male) |
| 5:51 | Create | Villager (Male) |
| 5:52 | Create | Villager (Male) |
| 6:07 | Build | Farm |
| 6:12 | Build | Farm |
| 6:12 | Build | Farm |
| 6:20 | Build | Farm |
| 6:54 | Build | Farm |
| 7:04 | Create | Villager (Male) |
| 7:05 | Create | Villager (Male) |
| 7:09 | Build | Farm |
| 7:35 | Build | House |
| 8:13 | Research | Feudal Age |
| 8:32 | Build | Mining Camp |
| 8:48 | Create | Villager (Male) |
| 8:48 | Create | Villager (Male) |
| 10:56 | Age | Feudal Age |
| 11:06 | Build | Market |
| 11:09 | Build | Blacksmith |
| 11:35 | Research | Double-Bit Axe |
| 12:04 | Research | Castle Age |
| 12:07 | Build | House |
| 12:16 | Create | Villager (Male) |
| 12:17 | Create | Villager (Male) |
| 12:42 | Research | Horse Collar |
| 12:58 | Create | Villager (Male) |
| 12:58 | Create | Villager (Male) |
| 12:59 | Create | Villager (Male) |
| 12:59 | Create | Villager (Male) |
| 13:00 | Create | Villager (Male) |
| 13:21 | Build | Mining Camp |
| 13:26 | Create | Villager (Male) |
| 14:14 | Create | Villager (Male) |
| 14:15 | Create | Villager (Male) |
| 14:44 | Age | Castle Age |
| 14:47 | Build | Siege Workshop |
| 15:10 | Build | Castle |
| 15:23 | Create | Battering Ram |
| 15:59 | Create | Battering Ram |
| 16:06 | Create | Villager (Male) |
| 16:43 | Create | Shotel Warrior |
| 16:44 | Create | Shotel Warrior |
| 16:44 | Create | Shotel Warrior |
| 16:45 | Create | Shotel Warrior |
| 16:45 | Create | Shotel Warrior |
| 17:29 | Build | Barracks |
| 17:38 | Build | Farm |
| 17:44 | Build | Farm |
| 17:52 | Create | Shotel Warrior |
| 18:08 | Create | Battering Ram |
| 18:25 | Create | Spearman |
| 18:26 | Create | Spearman |
| 18:32 | Build | Farm |
| 18:37 | Create | Villager (Male) |
| 18:46 | Build | Farm |
| 18:55 | Build | Farm |
| 19:00 | Create | Villager (Male) |
| 19:05 | Build | Farm |
| 19:20 | Build | Farm |
| 19:24 | Build | Farm |
| 19:25 | Create | Shotel Warrior |
| 19:38 | Build | Farm |
| 19:54 | Create | Shotel Warrior |
| 20:00 | Build | House |
| 20:04 | Build | House |
| 20:05 | Build | House |
| 20:10 | Create | Shotel Warrior |
| 20:14 | Create | Villager (Male) |
| 20:25 | Create | Battering Ram |
| 20:30 | Create | Villager (Male) |
| 20:50 | Create | Battering Ram |
| 20:57 | Create | Shotel Warrior |
| 20:57 | Create | Shotel Warrior |
| 21:08 | Create | Battering Ram |
| 21:17 | Build | House |
| 21:20 | Create | Villager (Male) |
| 21:21 | Create | Shotel Warrior |
| 21:26 | Build | Farm |
| 21:53 | Research | Scale Mail Armor |
| 21:56 | Create | Mangonel |
| 22:00 | Create | Spearman |
| 22:17 | Build | Farm |
| 22:20 | Create | Shotel Warrior |
| 22:31 | Build | House |
| 22:32 | Build | House |
| 22:34 | Create | Villager (Male) |
| 22:39 | Research | Forging |
| 22:45 | Build | Farm |
| 22:47 | Build | Farm |
| 22:52 | Build | Farm |
| 22:55 | Create | Spearman |
| 23:05 | Create | Shotel Warrior |
| 23:15 | Build | Farm |
| 23:17 | Create | Villager (Male) |
| 23:20 | Create | Villager (Male) |
| 23:34 | Build | Farm |
| 23:37 | Create | Shotel Warrior |
| 23:46 | Build | House |
| 23:55 | Build | Farm |
| 23:56 | Build | Farm |
| 23:56 | Build | Farm |
| 23:57 | Build | Farm |
| 23:58 | Create | Villager (Male) |
| 23:59 | Create | Shotel Warrior |
| 23:59 | Create | Shotel Warrior |
| 24:16 | Build | Farm |
| 24:21 | Create | Shotel Warrior |
| 24:21 | Create | Shotel Warrior |
| 24:28 | Create | Spearman |
| 24:28 | Create | Spearman |
| 24:34 | Create | Villager (Male) |
| 24:42 | Create | Spearman |
| 25:12 | Research | Chain Mail Armor |
| 25:18 | Create | Spearman |
| 25:50 | Create | Spearman |
| 25:50 | Create | Spearman |
| 25:52 | Research | Loom |
| 26:04 | Build | Town Center |
| 26:09 | Create | Shotel Warrior |
| 26:09 | Create | Shotel Warrior |
| 26:09 | Create | Shotel Warrior |
| 26:27 | Create | Shotel Warrior |
| 26:27 | Create | Shotel Warrior |
| 26:28 | Create | Shotel Warrior |
| 26:55 | Build | Siege Workshop |
| 27:13 | Create | Shotel Warrior |
| 27:14 | Create | Shotel Warrior |
| 27:14 | Create | Shotel Warrior |
Match timeline
| 9:59 | klausera_br · first_building Barracks |
| 10:49 | klausera_br · age_up feudal |
| 10:56 | Lise · age_up feudal |
| 11:16 | klausera_br · first_building Stable |
| 14:44 | Lise · age_up castle |
| 14:47 | Lise · first_building Siege Workshop |
| 15:10 | Lise · first_building Castle |
| 15:44 | klausera_br · age_up castle |
| 15:51 | klausera_br · first_building Monastery |
| 17:29 | Lise · first_building Barracks |
| 20:52 | Lise · first_market_buy 100 wood |
| 27:24 | klausera_br · first_building Castle |
| 27:44 | klausera_br · wall_segment Stone Wall x1 |
| 27:47 | klausera_br · wall_segment Stone Wall x1 |
| 28:07 | klausera_br · wall_segment Stone Wall x12 |
| 28:11 | klausera_br · first_building Siege Workshop |
| 28:42 | klausera_br · first_market_sell 100 food |
| 28:44 | klausera_br · first_market_buy 100 stone |
| 28:59 | klausera_br · wall_segment Stone Wall x8 |
| 29:11 | klausera_br · wall_segment Stone Wall x2 |
| 29:32 | klausera_br · wall_segment Stone Wall x1 |
| 29:34 | klausera_br · wall_segment Stone Wall x1 |
| 29:35 | klausera_br · wall_segment Stone Wall x1 |
| 29:37 | klausera_br · wall_segment Stone Wall x1 |
| 29:50 | klausera_br · wall_segment Stone Wall x1 |
| 29:52 | klausera_br · wall_segment Stone Wall x1 |
| 29:55 | klausera_br · wall_segment Stone Wall x1 |
| 31:18 | klausera_br · wall_segment Stone Wall x1 |
| 31:18 | klausera_br · age_up imperial |
| 32:21 | klausera_br · resign |
[ AI ANALYSIS · 1 CREDIT ]
What really happened in this match?
Wolo.gg analyzes every decision: build order, eco, micro, common mistakes by bracket. Personalized analysis on WhatsApp or Discord in 30 seconds.
Civ guide
Persians
Perfil
klausera_br